[Event "*** SCC Grand Prix: Titled Tuesday Blitz"]
[Site "Chess.com"]
[Date "2020.06.23"]
[Round "8"]
[White "Bulldog167"]
[Black "deep306"]
[Result "0-1"]
[WhiteElo "2770"]
[BlackElo "2669"]
[TimeControl "180+1"]
[EndTime "11:35:56 PDT"]
[Termination "deep306 won by resignation"]

1. e4 e6 2. d4 d5 3. Bd3 dxe4 4. Bxe4 Nf6 5. Bf3 Bd6 6. Ne2 Nbd7 7. c4 e5 8. c5 Be7 9. c6 e4 10. cxd7+ Bxd7 11. Bxe4 Nxe4 12. Nbc3 Nxc3 13. bxc3 O-O 14. Qd3 Bd6 15.
Bf4 Qf6 16. Bxd6 cxd6 17. O-O Bf5 18. Qf3 Rae8 19. Ng3 Bc8 20. Qxf6 gxf6 21. Rfe1 Kg7 22. f3 Kg6 23. Kf2 Be6 24. Ne4 Rc8 25. Nxd6 Rxc3 26. Nxb7 Rb8 27. Nc5 Rb2+ 28. Re2 Rxe2+ 29. Kxe2 Rc2+ 30.
Kf1 Bxa2 31. Kg1 a5 32. h3 h5 33. h4 Rb2 34. Nd3 Rb1+ 35. Rxb1 Bxb1 36. Nb2 Bc2 37. Kf2 Bb3 38. Nd3 a4 39. d5 Kg7 40. d6 Kf8 41.
Nc5 Bc2 42. Nd7+ Ke8 43. Nxf6+ Kd8 44. Nd5 a3 45. Nb4 Bb3 46. g4 a2 47. Nxa2 Bxa2 48. Ke3 Kd7 49. Kf4 Kxd6 50. Kg5 hxg4 51. fxg4 Ke7 52. h5 Bb1 53. Kh6 Kf8 54. g5 Kg8 55. g6 f6 56. g7 f5 57. Kg6 f4+ 58. Kf6 f3 0-1

[Event "*** SCC Grand Prix: Titled Tuesday Blitz"]
[Site "Chess.com"]
[Date "2020.06.23"]
[Round "8"]
[White "Kapitan_Bayan"]
[Black "blitzking1729"]
[Result "1/2-1/2"]
[WhiteElo "2454"]
[BlackElo "2563"]
[TimeControl "180+1"]
[EndTime "11:35:56 PDT"]
[Termination "Game drawn by repetition"]

1. d4 d5 2. c4 Nc6 3. Nf3 Bg4 4. cxd5 Bxf3 5. dxc6 Bxc6 6. Nc3 Nf6 7. Qd3 e6 8.
e4 Bb4 9. f3 O-O 10. Be3 Qe7 11.
g4 Rad8 12. h4 e5 13. O-O-O exd4 14. Bxd4 Bc5 15. Bxc5 Qxc5 16. Qxd8 Rxd8 17. Rxd8+ Ne8 18. Be2 Kf8 19. Rhd1 b5 20. Kb1 Ke7 21. R8d2 Kf8 22. Rc2 Qb6 23. Nd5 Bxd5 24. Rxd5 a6 25. a3 Nd6 26. e5 Ne8 27. h5 h6 28. Rdc5 Ke7 29.
Bd3 b4 30. axb4 Qxb4 31. Bxa6 Qe1+ 32. Rc1 Qe3 33. R1c3 Qe1+ 34. Ka2 Qf2 35. Bb5 Qe1 36. R5c4 Qf2 37. Bxe8 Kxe8 38. Rxc7 Qe2 39. Ra7 Kd8 40. Rxf7 Qa6+ 41. Kb1 Qf1+ 42. Kc2 Qe2+ 43. Kb1 Qf1+ 44. Ka2 Qa6+ 45. Kb1 Qf1+ 1/2-1/2

[Event "*** SCC Grand Prix: Titled Tuesday Blitz"]
[Site "Chess.com"]
[Date "2020.06.23"]
[Round "8"]
[White "Barmen_EV"]
[Black "AlanTate"]
[Result "1-0"]
[WhiteElo "2470"]
[BlackElo "2318"]
[TimeControl "180+1"]
[EndTime "11:35:56 PDT"]
[Termination "Barmen_EV won on time"]

1. d4 d5 2. c4 c6 3. Nc3 Nf6 4. Nf3 dxc4 5. a4 e6 6. e4 Bb4 7. e5 Nd5 8. Bd2 b5 9. axb5 Bxc3 10. bxc3 cxb5 11. h4 h6 12. Rh3 Nc6 13. Rg3 Kf8 14. Qc2 Nce7 15. Rh3 a5 16. g4 Ba6 17. h5 b4 18. Bg2 bxc3 19. Bxc3 Nf4 20. Rg3 Bb7 21. Kf1 Ned5 22. Bd2 Nxg2 23. Kxg2 Qc7 24. Kh2 c3 25.
Bc1 Bc6 26. Ba3+ Ke8 27. g5 hxg5 28. Rxg5 Nf4 29. Qxc3 Rxh5+ 30. Rxh5 Nxh5 31. Bd6 Qd7 32. Rxa5 Rxa5 33. Qxa5 f6 34. Nh4 Nf4 35. Qd2 g5 36. d5 Qh7 37. Qxf4 gxf4 38. dxc6 Qxh4+ 39. Kg2 fxe5 40. Kf3 Qh3+ 41. Ke4 Kd8 42. Kxe5 Kc8 43. c7 Qf5+ 44. Kd4 Kd7 45. Be5 1-0

[Event "*** SCC Grand Prix: Titled Tuesday Blitz"]
[Site "Chess.com"]
[Date "2020.06.23"]
[Round "8"]
[White "crazy_but_lazy"]
[Black "vanyakuba"]
[Result "1-0"]
[WhiteElo "2333"]
[BlackElo "2420"]
[TimeControl "180+1"]
[EndTime "11:35:56 PDT"]
[Termination "crazy_but_lazy won by checkmate"]

1. d4 d5 2. c4 e6 3. Nc3 c5 4.
cxd5 cxd4 5. Qxd4 Nc6 6. Qa4 exd5 7. Nf3 Nf6 8. Bg5 d4 9. O-O-O Bd7 10. Nxd4 Be7 11. Nxc6 bxc6 12. e3 O-O 13. Bc4 Rb8 14.
Rd2 Qb6 15. Qc2 Bg4 16. h3 Bh5 17. f4 Qxe3 18. Bxf6 Bxf6 19. g4 Rfd8 20. Rd1 Rxb2 21. Qxb2 Bxc3 22. Kb1 Bg6+ 23. f5 Bxf5+ 24. gxf5 Bxd2 25.
Qb3 Qd4 26. Bxf7+ Kh8 27. Bc4 c5 28. Be6 Qe5 29. Kc2 Qd4 30. Qc4 Qxc4+ 31. Bxc4 Bg5 32. Re1 h6 33. Bf7 Bf6 34. Re6 Rb8 35. a4 Rb2+ 36. Kd3 Rb8 37. Kc4 Rd8 38. Kxc5 Bd4+ 39. Kc6 Bg1 40. h4 Rf8 41. Bg6 Bf2 42. h5 Bg1 43. a5 Bf2 44. a6 Bg1 45. Kb7 Bf2 46.
Re7 Bc5 47. Kc6 Bxe7 48. Kd7 Bg5 49. Ke6 Rb8 50. Kd7 Rb6 51. Kc7 Rxa6 52. Kd7 Ra1 53.
Ke8 a5 54. Kf7 a4 55. f6 a3 56. fxg7# 1-0

[Event "*** SCC Grand Prix: Titled Tuesday Blitz"]
[Site "Chess.com"]
[Date "2020.06.23"]
[Round "8"]
[White "Munkhzul_Turmunkh"]
[Black "Grandelicious"]
[Result "0-1"]
[WhiteElo "2627"]
[BlackElo "2794"]
[TimeControl "180+1"]
[EndTime "11:35:58 PDT"]
[Termination "Grandelicious won by resignation"]

1. e4 c5 2. Nf3 d6 3. d4 cxd4 4. Nxd4 Nf6 5. Nc3 a6 6. Be3 e5 7. Nb3 Be6 8. f3 Nc6 9. Qd2 d5 10. exd5 Nxd5 11. Nxd5 Qxd5 12. O-O-O Qxd2+ 13. Rxd2 Nb4 14.
Kb1 Rc8 15. Be2 Nd5 16. Bf2 Nf4 17. Bg3 g5 18. Rhd1 Be7 19. Bf1 h5 20. Bf2 g4 21.
Na5 gxf3 22. gxf3 b5 23. Nb7 O-O 24. Nd6 Rc6 25. Bg3 Ng6 26. Bg2 h4 27. Bf2 Nf4 28.
Bf1 Rd8 29. Ne4 Rxd2 30. Rxd2 f5 31. Nc3 Bb4 32. Rd8+ Kf7 33. Ne2 Ng6 34. c3 Rd6 35. Rxd6 Bxd6 36. b3 Bd5 37. Ng1 e4 38. fxe4 Bxe4+ 39. Kb2 Bxh2 40. Nh3 Bg3 41. Bd4 Nf4 42. Ng5+ Kg6 43.
Nh3 Nxh3 44. Bxh3 f4 45. Kc1 Bh1 46. Kd2 Kg5 47. a4 bxa4 48. bxa4 f3 49. Be3+ Bf4 50. a5 Bg2 51. Bc8 f2 52. Bxf4+ Kxf4 53. Bxa6 h3 54.
Bc4 h2 0-1

[Event "*** SCC Grand Prix: Titled Tuesday Blitz"]
[Site "Chess.com"]
[Date "2020.06.23"]
[Round "8"]
[White "MathiasWomacka"]
[Black "Spartakus1975"]
[Result "0-1"]
[WhiteElo "2437"]
[BlackElo "2686"]
[TimeControl "180+1"]
[EndTime "11:35:58 PDT"]
[Termination "Spartakus1975 won by resignation"]

1. e4 e6 2. d4 d5 3. Nd2 c5 4. exd5 exd5 5. Ngf3 Nc6 6. Bb5 cxd4 7. O-O Bd6 8. Nb3 Ne7 9. Nbxd4 O-O 10. c3 Bg4 11. h3 Bh5 12. Be3 Bc7 13. Be2 a6 14. Nh4 Qd6 15.
g3 Bg6 16. Nxg6 hxg6 17. Bf3 Ne5 18. Bg2 Nc4 19. Bc1 Nc6 20. Nc2 Rad8 21. Ne3 Bb6 22. Nxd5 Qxg3 23. Nxb6 Rxd1 24. fxg3 Rxf1+ 25. Kxf1 Nxb6 26. b3 Nd7 27. Be3 Re8 28. Kf2 Nf6 29. Rd1 Ne4+ 30. Bxe4 Rxe4 31. Rd7 Re7 32. Rxe7 Nxe7 33. c4 Nc6 34. Bc5 f6 35. Ke3 Kf7 36. b4 g5 37. b5 Ne5 38. Kd4 Ke6 39. a4 f5 40.
Bf8 g6 41. Bg7 Nf3+ 42. Kc5 Nd2 43. bxa6 bxa6 44. Kb6 Nxc4+ 45. Kxa6 Kd5 46. Kb5 f4 47. gxf4 gxf4 48. Bf8 Ne3 49. Bc5 Ke4 50. a5 f3 51.
a6 f2 52. a7 f1=Q+ 53. Kc6 Qa6+ 54. Kc7 Nd5+ 0-1

[Event "*** SCC Grand Prix: Titled Tuesday Blitz"]
[Site "Chess.com"]
[Date "2020.06.23"]
[Round "8"]
[White "Onischuk_V"]
[Black "viditchess"]
[Result "1-0"]
[WhiteElo "2912"]
[BlackElo "3022"]
[TimeControl "180+1"]
[EndTime "11:36:01 PDT"]
[Termination "Onischuk_V won on time"]

1. e4 c5 2. Ne2 Nc6 3. Nbc3 Nf6 4.
g3 g6 5. d4 cxd4 6. Nxd4 Bg7 7.
Nb3 O-O 8. Bg2 d6 9. h3 Rb8 10. a4 a6 11. O-O b5 12. axb5 axb5 13. Nd5 Nd7 14. c3 Nde5 15. Nd4 Bd7 16. Nxc6 Bxc6 17. Nb4 Bb7 18. Qe2 Qd7 19. Rd1 Ra8 20. Be3 Rxa1 21.
Rxa1 Ra8 22. Rxa8+ Bxa8 23. Bd4 Nc4 24. b3 Na5 25. Qa2 Qd8 26. Bxg7 Kxg7 27. Nd5 Bxd5 28. exd5 Qb6 29. Qa3 Nb7 30. b4 Nd8 31. Qa5 Qb8 32. Bf1 Qc8 33. Bxb5 e6 34. c4 exd5 35. cxd5 f6 36.
Qa7+ Nf7 37. Bd7 Qc1+ 38. Kg2 Kh6 39. Be6 Ng5 40. h4 Nxe6 41. dxe6 Qc6+ 42. Kh2 g5 43.
Qe3 Kg7 44. hxg5 Qe8 45. gxf6+ Kxf6 46. Qf4+ Ke7 47. Qf7+ Qxf7 48. exf7 Kxf7 49. f4 Ke6 50. Kg2 Kd5 51. Kf3 Kc4 52. f5 Kd5 53. b5 1-0

[Event "*** SCC Grand Prix: Titled Tuesday Blitz"]
[Site "Chess.com"]
[Date "2020.06.23"]
[Round "8"]
[White "lilleper1"]
[Black "Indianlad"]
[Result "1/2-1/2"]
[WhiteElo "2699"]
[BlackElo "2946"]
[TimeControl "180+1"]
[EndTime "11:36:01 PDT"]
[Termination "Game drawn - insufficient material"]

1. d4 Nf6 2. c4 g6 3. Nc3 Bg7 4. e4 O-O 5. Nf3 d6 6. Be2 c5 7. O-O Bg4 8. d5 Na6 9. Be3 Nd7 10. Nd2 Bxe2 11. Qxe2 Nc7 12. a4 e6 13. dxe6 Nxe6 14.
Nf3 Ne5 15. Rad1 Nxf3+ 16. Qxf3 Nd4 17. Bxd4 cxd4 18. Nd5 Rc8 19. b3 Re8 20. Qd3 Qd7 21. f4 f5 22. exf5 gxf5 23. Rde1 b6 24. Qg3 Kh8 25.
Rxe8+ Rxe8 26. Re1 Re4 27. Rd1 Qe8 28. h3 h6 29. Qf3 Re2 30. Kf1 Re4 31. Kg1 Kh7 32. Kf1 Qf7 33. Kg1 Bf6 34. Qh5 Qxh5 35. Nxf6+ Kg6 36.
Nxh5 Kxh5 37. g3 Kg6 38. Kf2 h5 39. Rd3 Kf6 40. Kf3 Ke6 41. g4 hxg4+ 42. hxg4 d5 43. gxf5+ Kxf5 44. cxd5 Rxf4+ 45. Ke2 Ke4 46. d6 Rf6 47.
Rh3 Rxd6 48. Rh4+ Kd5 49. Rh5+ Kc6 50. Kd3 Rd5 51. Rh7 a5 52. Kc4 Rd6 53. Rh3 Kb7 54. Rd3 Rc6+ 55. Kxd4 b5 56. axb5 Rc1 57. Rc3 Rh1 58.
Kc4 Kb6 59. Rd3 Rh4+ 60. Rd4 Rxd4+ 61. Kxd4 Kxb5 62. Kc3 a4 63. bxa4+ Kxa4 1/2-1/2

[Event "*** SCC Grand Prix: Titled Tuesday Blitz"]
[Site "Chess.com"]
[Date "2020.06.23"]
[Round "8"]
[White "youngKID"]
[Black "chipmunknau"]
[Result "0-1"]
[WhiteElo "2743"]
[BlackElo "2611"]
[TimeControl "180+1"]
[EndTime "11:36:01 PDT"]
[Termination "chipmunknau won by resignation"]

1. e4 c6 2. Nc3 d5 3. Nf3 Bg4 4. h3 Bxf3 5. Qxf3 e6 6. g3 Nf6 7. Bg2 d4 8. Ne2 c5 9. d3 Nc6 10. g4 Nb4 11. O-O Nxc2 12. Rb1 Nb4 13. a3 Nc6 14.
Qg3 e5 15. f4 Bd6 16. f5 h6 17. Bd2 b5 18. Rbc1 Rc8 19. b4 cxb4 20. axb4 Nxb4 21.
Bxb4 Rxc1 22. Rxc1 Bxb4 23. Qxe5+ Be7 24. Qxb5+ Nd7 25.
Nxd4 O-O 26. Nc6 Qe8 27. e5 Bg5 28. Re1 Nb6 29. Nxa7 Qxb5 30. Nxb5 Rd8 31. Be4 Nd5 32. d4 Nf4 33. Kh2 Rb8 34. Rb1 Ne2 35. Bd3 Nf4 36. Bc4 Kf8 37. Kg3 Rc8 38. Nd6 Ra8 39. h4 Ra3+ 40. Rb3 Ne2+ 41. Kf2 Rxb3 42. h5 Nxd4 43. Bxb3 Nxb3 44. Kf3 Ke7 45. Ke4 Nd2+ 46. Kd5 Nf1 47. f6+ gxf6 48. Nf5+ Kf8 49. exf6 Nh2 50. Ne3 Bxe3 0-1

[Event "*** SCC Grand Prix: Titled Tuesday Blitz"]
[Site "Chess.com"]
[Date "2020.06.23"]
[Round "8"]
[White "Sashadav97"]
[Black "bazar-wokzal"]
[Result "1-0"]
[WhiteElo "2599"]
[BlackElo "2427"]
[TimeControl "180+1"]
[EndTime "11:36:01 PDT"]
[Termination "Sashadav97 won by resignation"]

1. d4 Nf6 2. c4 Nc6 3. Nc3 e5 4. d5 Ne7 5. h4 Neg8 6. e3 Bc5 7. Bd3 d6 8. Nge2 a5 9. Ng3 Ne7 10. Qc2 c6 11. dxc6 bxc6 12. Bd2 Be6 13. h5 h6 14.
Nce4 Nxe4 15. Nxe4 Bb4 16. O-O-O d5 17. Ng3 O-O 18.
Kb1 Qb6 19. Ka1 a4 20. a3 Bxd2 21. Rxd2 Rfb8 22. Rc1 Ra7 23. Nf5 Bxf5 24. Bxf5 e4 25. Bg4 Qa5 26. Qc3 Qxc3 27. Rxc3 f5 28. Be2 Kf7 29.
Ka2 Ke6 30. b3 axb3+ 31. Rxb3 Rxb3 32. Kxb3 Nc8 33. cxd5+ cxd5 34. a4 Nd6 35. Kb4 Rb7+ 36. Bb5 Ke5 37. Kc5 Nxb5 38. axb5 Rc7+ 39. Kb6 Rc3 40.
Ra2 f4 41. exf4+ Kxf4 42. Kb7 d4 43. b6 e3 44. fxe3+ Kxe3 45. Ka8 d3 46. b7 Rb3 47.
b8=Q Rxb8+ 48. Kxb8 d2 49. Ra1 Ke2 50. Kc7 d1=Q 51.
Rxd1 Kxd1 52. Kd6 Ke2 53. Ke6 Kf2 54. Kf7 Kg3 55. Kxg7 1-0

[Event "*** SCC Grand Prix: Titled Tuesday Blitz"]
[Site "Chess.com"]
[Date "2020.06.23"]
[Round "8"]
[White "MrChampion_Coach"]
[Black "GelmanAlexander"]
[Result "0-1"]
[WhiteElo "2430"]
[BlackElo "2554"]
[TimeControl "180+1"]
[EndTime "11:36:01 PDT"]
[Termination "GelmanAlexander won by checkmate"]

1. d4 Nf6 2. Bg5 c5 3. d5 g6 4.
Bxf6 exf6 5. g3 d6 6. Bg2 f5 7. Nd2 Bg7 8. c3 Nd7 9. Nh3 h5 10.
Nf3 Ne5 11. Nf4 h4 12. Qb3 g5 13. Nxe5 gxf4 14. Qa4+ Kf8 15. Nd3 fxg3 16. hxg3 hxg3 17. Rxh8+ Bxh8 18. fxg3 Bd7 19. Qf4 Qe7 20. Kf2 Re8 21. Bf3 Bg7 22. Rh1 Qf6 23. Rh5 Qg6 24. Qh4 b5 25.
Nf4 Qf6 26. Qh1 b4 27. cxb4 Qxb2 28. bxc5 dxc5 29. Rh7 Bb5 30. d6 Qd4+ 31. Kg2 Qxd6 32. Nh5 Bxe2 33. Bxe2 Rxe2+ 34. Kh3 Qg6 35. Qa8+ Re8 36.
Qxe8+ Kxe8 37. Nxg7+ Kf8 38. Ne6+ Qxe6 39. Rh8+ Ke7 40.
Rh4 Qxa2 41. Rf4 Qe6 42. Kg2 a5 43. Kf3 c4 44. Rd4 a4 45. Rd1 a3 46. Rd2 Qe4+ 47.
Kf2 c3 48. Re2 a2 49. Rxe4+ fxe4 50. Ke3 a1=Q 51. Kf4 c2 52. g4 c1=Q+ 53. Kf5 Qf6+ 54. Kxe4 Qcf4+ 55. Kd3 Q6d4+ 56. Kc2 Qfd2+ 57. Kb3 Q4b4# 0-1

[Event "*** SCC Grand Prix: Titled Tuesday Blitz"]
[Site "Chess.com"]
[Date "2020.06.23"]
[Round "8"]
[White "PawnEatingZombie"]
[Black "diamonds13"]
[Result "0-1"]
[WhiteElo "2097"]
[BlackElo "2258"]
[TimeControl "180+1"]
[EndTime "11:36:01 PDT"]
[Termination "diamonds13 won on time"]

1. d4 Nf6 2. c4 e6 3. Nc3 Bb4 4.
Qc2 O-O 5. e4 d5 6. e5 Ne4 7.
Bd3 c5 8. Nf3 cxd4 9. Nxd4 Nc6 10. Nxc6 bxc6 11. O-O Bxc3 12. bxc3 f5 13. exf6 Nxf6 14.
Bg5 Qc7 15. Bxf6 Rxf6 16. Bxh7+ Kh8 17. Bd3 e5 18. Rfe1 e4 19. Bf1 Rh6 20. g3 Bg4 21. Bg2 Rf8 22. Qd2 Qf7 23. cxd5 cxd5 24. Qd4 Qh5 25.
h4 Rhf6 26. c4 Rxf2 27. Qxf2 Rxf2 28. Kxf2 Bf3 29. cxd5 Qxd5 30. Bxf3 exf3 31. Rad1 Qxa2+ 32. Kxf3 a5 33. Re8+ Kh7 34. Rdd8 Qb3+ 35. Kg4 Qc4+ 36. Kh3 Qb5 37. Rh8+ Kg6 38. Rd6+ Kf7 39. Rhd8 a4 40. R6d7+ Kg6 41. Rd6+ Kh7 42. Rd5 Qf1+ 43. Kg4 Qe2+ 44. Kh3 Qe6+ 45. g4 Qe3+ 46. Kg2 Qe4+ 47. Kg3 Qe1+ 48.
Kh3 Qf1+ 49. Kg3 Qg1+ 50. Kf4 Kg6 51. h5+ Kf7 52. R5d6 Qf2+ 53. Kg5 Qe3+ 54. Kh4 Qe7+ 55. Kg3 Qe5+ 0-1

[Event "*** SCC Grand Prix: Titled Tuesday Blitz"]
[Site "Chess.com"]
[Date "2020.06.23"]
[Round "8"]
[White "Oleksandr_Bortnyk"]
[Black "amintabatabaei"]
[Result "1-0"]
[WhiteElo "2914"]
[BlackElo "2822"]
[TimeControl "180+1"]
[EndTime "11:36:02 PDT"]
[Termination "Oleksandr_Bortnyk won on time"]

1. e4 c5 2. c3 Nf6 3. e5 Nd5 4. d4 cxd4 5. Nf3 e6 6. cxd4 d6 7. Bc4 Be7 8. O-O O-O 9. Qe2 b6 10. Rd1 Bb7 11. a3 Nd7 12. Bb3 Rc8 13. Nbd2 dxe5 14.
dxe5 Nc5 15. Bc4 Qc7 16. Nf1 Rfd8 17. Bd2 Ne4 18. Rac1 Nxd2 19. Bxd5 Nxf3+ 20. Qxf3 Bxd5 21. Rxc7 Bxf3 22. Rxd8+ Rxd8 23. Rxe7 Be2 24. Rxa7 h5 25. Ne3 Rd2 26. b4 b5 27. h3 Ra2 28. h4 g6 29.
Kh2 Kg7 30. Kg3 Bd3 31. f3 Be2 32. Kf4 Bf1 33. g4 Be2 34. gxh5 gxh5 35. Ke4 Ra1 36. f4 Rh1 37. a4 bxa4 38. Rxa4 Rxh4 39. Ra2 Bb5 40. Rf2 Rh1 41. Kd4 h4 42. f5 h3 43. Kc5 Bd3 44. fxe6 fxe6 45. Kd6 h2 46. Rg2+ Kf7 47. Ng4 1-0

[Event "*** SCC Grand Prix: Titled Tuesday Blitz"]
[Site "Chess.com"]
[Date "2020.06.23"]
[Round "8"]
[White "olksuna"]
[Black "praveenb2002"]
[Result "1-0"]
[WhiteElo "2617"]
[BlackElo "2759"]
[TimeControl "180+1"]
[EndTime "11:36:02 PDT"]
[Termination "olksuna won by resignation"]

1. e4 c6 2. Ne2 d5 3. e5 Bf5 4. Nd4 Bg6 5. h4 h5 6. e6 Qd6 7. exf7+ Bxf7 8. Nf3 e5 9. d4 e4 10. Ng5 Nh6 11. c4 Nd7 12. Nc3 Nf6 13. Qb3 Be7 14.
Qxb7 O-O 15. c5 Qd7 16. Qxd7 Nxd7 17. Bf4 Nf5 18. O-O-O Bf6 19. Be3 a5 20. Be2 Bg6 21. g4 Nxe3 22. fxe3 Bxg5 23. hxg5 h4 24. Rxh4 Rf2 25.
Rdh1 Nf8 26. Rh8+ Kf7 27. Kd2 Ke7 28. Ke1 Rf7 29. b3 Ra7 30. Na4 Ne6 31. Nb6 Rc7 32.
Nc8+ Kd7 33. Nd6 Re7 34. Ba6 Ra7 35. Bc8+ Kc7 36. Bxe6 Rxe6 37. Rc8+ Kd7 38. Rhh8 Re7 39. Rhd8+ Ke6 40. Rxc6 Rad7 41. Nc8+ Kf7 42. Nxe7 Rxd8 43. Nxg6 Ra8 44. Ne5+ Ke7 45. Rg6 Rh8 46. Rxg7+ Ke6 47. Rg6+ Ke7 48. Rf6 Rh1+ 49. Rf1 Rh2 50. Rf2 Rh1+ 51.
Ke2 a4 52. bxa4 Ra1 53. g6 Rxa2+ 54. Kf1 Ra1+ 55. Kg2 Rb1 56. g7 Ra1 57. c6 Rc1 58. c7 Ra1 59. Rf7+ Kd6 60. Rd7+ Ke6 61. g8=Q+ 1-0

[Event "*** SCC Grand Prix: Titled Tuesday Blitz"]
[Site "Chess.com"]
[Date "2020.06.23"]
[Round "8"]
[White "Zq1"]
[Black "Alindsay211"]
[Result "1-0"]
[WhiteElo "2507"]
[BlackElo "2309"]
[TimeControl "180+1"]
[EndTime "11:36:03 PDT"]
[Termination "Zq1 won on time"]

1. d4 Nf6 2. c4 g6 3. Nc3 Bg7 4. e4 d6 5. Nf3 O-O 6. Be2 e5 7. O-O exd4 8. Nxd4 Nc6 9. Be3 Re8 10. f3 Nh5 11. Qd2 Bd7 12. Rad1 Nxd4 13. Bxd4 Bxd4+ 14. Qxd4 Qf6 15. Nd5 Qxd4+ 16. Rxd4 Rac8 17. g4 c6 18. gxh5 cxd5 19. Rxd5 Be6 20. Rd4 Rc5 21. hxg6 hxg6 22. Rfd1 Kg7 23. b3 Rh8 24. f4 Rh4 25. Rf1 Bg4 26. Bxg4 Rxg4+ 27. Kh1 Rh5 28. Rxd6 Rhh4 29. Rd7 Rxf4 30. Rxf4 Rxf4 31. Rxb7 Rxe4 32. Rxa7 g5 33. Rb7 Re1+ 34. Kg2 Re2+ 35. Kg3 Rxa2 36. c5 Kf6 37.
c6 Rc2 38. c7 Ke6 39. b4 Kd7 40. b5 Kc8 41. Ra7 Rb2 42. Ra8+ Kxc7 43. Ra7+ Kd6 44.
Rxf7 Rxb5 45. Kg4 Ke6 46. Rf8 Ke7 47. Rf1 Ke6 48. h3 Ke7 49. Rf3 Ke6 50. Kh5 Ke7 51. Kg6 Ke8 52. Kg7 Re5 53. Ra3 Ke7 54. Kg6 Rb5 55.
Re3+ Kf8 56. Ra3 Ke7 57. Ra7+ Kf8 58. Ra8+ Ke7 59. Rh8 Ra5 60. Rh5 Rb5 61. Kg7 Ra5 62. h4 Ke8 63. hxg5 Ra7+ 64. Kg8 Ke7 65. Rh7+ 1-0

[Event "*** SCC Grand Prix: Titled Tuesday Blitz"]
[Site "Chess.com"]
[Date "2020.06.23"]
[Round "8"]
[White "andriipalchuk"]
[Black "PlayChessSimple"]
[Result "1-0"]
[WhiteElo "2385"]
[BlackElo "2510"]
[TimeControl "180+1"]
[EndTime "11:36:04 PDT"]
[Termination "andriipalchuk won on time"]

1. Nf3 f5 2. g3 Nf6 3. Bg2 g6 4. O-O Bg7 5. d3 O-O 6. e4 d6 7. exf5 gxf5 8. Re1 e5 9. Nc3 Nc6 10. a3 Kh8 11. d4 e4 12. Ng5 Ng4 13. Ne2 e3 14.
Nh3 f4 15. f3 Nf2 16. Nxf2 exf2+ 17. Kxf2 fxg3+ 18. hxg3 Qf6 19. c3 Bf5 20. Nf4 Rae8 21. Be3 Bg6 22. Qd2 Ne7 23. g4 Bf7 24. Nh3 Nd5 25.
Bg5 Qg6 26. Rxe8 Bxe8 27. Re1 h6 28. Bf4 Bd7 29. Kg3 Nf6 30. Kh2 Bc6 31. Bg3 Nd5 32.
c4 Nb6 33. b3 Bxf3 34. Nf4 Rxf4 35. Qxf4 Bxg2 36. Kxg2 Qc2+ 37. Kh3 Nd7 38. Re8+ Kh7 39. Qf5+ Qxf5 40. gxf5 Nf6 41. Re7 c6 42. Rxb7 Ne4 43.
f6 Nxf6 44. Bxd6 Kg6 45. Be5 h5 46. Rxa7 Bh6 47. Bxf6 Kxf6 48. Ra6 Kf5 49. Rxc6 Bc1 50. a4 Ke4 51. d5 1-0

[Event "*** SCC Grand Prix: Titled Tuesday Blitz"]
[Site "Chess.com"]
[Date "2020.06.23"]
[Round "8"]
[White "BillieKimbah"]
[Black "Micki-taryan"]
[Result "1/2-1/2"]
[WhiteElo "2877"]
[BlackElo "3029"]
[TimeControl "180+1"]
[EndTime "11:36:05 PDT"]
[Termination "Game drawn by repetition"]

1. d4 Nf6 2. Nf3 e6 3. Bg5 d5 4.
e3 Nbd7 5. Nbd2 Be7 6. Bd3 b6 7. c3 Bb7 8. h4 Ne4 9. Bf4 c5 10.
Qe2 a6 11. h5 h6 12. Ne5 O-O 13. Nxd7 Qxd7 14. Nf3 Bd6 15. Ne5 Bxe5 16. Bxe5 f5 17. f3 Ng5 18. f4 Ne4 19. Bxe4 fxe4 20. g4 Qb5 21. Rg1 Qxe2+ 22. Kxe2 Kf7 23. g5 Rg8 24. Rg3 Bc6 25. Rag1 cxd4 26. Bxd4 Raf8 27. gxh6 gxh6 28. Rg7+ Rxg7 29. Rxg7+ Ke8 30. Rg6 Bb5+ 31. Kf2 Rf5 32. Rxe6+ Kd7 33. Rxh6 Bc4 34. b3 Bd3 35. Rh8 Ke6 36.
Bxb6 Bb1 37. a4 Bc2 38. Bd4 Bxb3 39. a5 Bc4 40. Kg3 Be2 41. Kh4 Kf7 42. Be5 Ke6 43. h6 Rh5+ 44. Kg3 Kf7 45. Kf2 Bf3 46. Kg3 Be2 47.
Kf2 Bc4 48. Bg7 Kg6 49. Rf8 Rh3 50. f5+ Kg5 51. f6 Rf3+ 52. Kg2 Rxe3 53. h7 Kg4 54. h8=Q Re2+ 55. Kg1 Re1+ 56. Kh2 Re2+ 57. Kh1 Re1+ 58. Kh2 Re2+ 59. Kh1 Re1+ 60. Kh2 1/2-1/2

[Event "*** SCC Grand Prix: Titled Tuesday Blitz"]
[Site "Chess.com"]
[Date "2020.06.23"]
[Round "8"]
[White "MasterKroket"]
[Black "mfwagnerpeixoto"]
[Result "1-0"]
[WhiteElo "2389"]
[BlackElo "2194"]
[TimeControl "180+1"]
[EndTime "11:36:05 PDT"]
[Termination "MasterKroket won on time"]

1. d4 Nf6 2. c4 e6 3. Nf3 b6 4. a3 Bb7 5. Nc3 d5 6. cxd5 Nxd5 7. Qc2 Be7 8. e4 Nxc3 9. bxc3 O-O 10. Bd3 Ba6 11.
Bxa6 Nxa6 12. Qd3 Qc8 13. h4 c5 14. d5 exd5 15. exd5 c4 16. Qc2 Bf6 17. Bg5 Re8+ 18.
Kf1 Be5 19. Re1 f6 20. Nxe5 fxe5 21. d6 Qe6 22. Be7 Nc5 23. Rh3 Nd3 24. Rxd3 cxd3 25. Qxd3 Rab8 26. Qe4 Rxe7 27. dxe7 Qxe7 28. Qxe5 Qxe5 29.
Rxe5 Rc8 30. Re7 Rxc3 31. Rxa7 h6 32. h5 b5 33. Ra5 Rb3 34. g4 Kf7 35. Kg2 b4 36.
Ra7+ Kf6 37. Rb7 Rxa3 38. Rxb4 Kf7 39. f3 Kf6 40. Kg3 Kf7 41. Kf4 Ra5 42. Re4 Rb5 43.
Re5 Rb4+ 44. Kf5 Rb3 45. f4 Rb6 46. g5 hxg5 47. fxg5 Kg8 48. Re8+ Kf7 49. Re5 Rb1 50. g6+ Kf8 51. Ra5 Rf1+ 52. Kg4 Rg1+ 53. Kf3 Rf1+ 54.
Kg2 Rf6 55. Ra8+ Ke7 56. Ra7+ Kf8 57. Kg3 Rf5 58. Kg4 Rc5 59. Rf7+ Kg8 60. Rd7 Rc4+ 61.
Kf5 Rc5+ 62. Ke6 Rc6+ 63. Ke7 Rc8 64. Rd8+ Rxd8 65. Kxd8 Kf8 66. Kd7 Kg8 67. Ke7 Kh8 68. h6 1-0

[Event "*** SCC Grand Prix: Titled Tuesday Blitz"]
[Site "Chess.com"]
[Date "2020.06.23"]
[Round "8"]
[White "Kislov_Oleg"]
[Black "grandcoach"]
[Result "1-0"]
[WhiteElo "2380"]
[BlackElo "2104"]
[TimeControl "180+1"]
[EndTime "11:36:07 PDT"]
[Termination "Kislov_Oleg won on time"]

1. e4 c5 2. Nf3 Nc6 3. c3 Nf6 4. e5 Nd5 5. d4 cxd4 6. cxd4 d6 7. Bc4 dxe5 8. dxe5 Ndb4 9. Qxd8+ Nxd8 10. Na3 Be6 11.
Ke2 Bxc4+ 12. Nxc4 Rc8 13. b3 b5 14. Bd2 e6 15. Nd6+ Bxd6 16. exd6 Nbc6 17. Be3 Nb7 18.
Rhd1 Kd7 19. b4 f6 20. Bc5 a5 21. a3 e5 22. Ke3 Rhd8 23. Nd2 Nd4 24. Ne4 Nc2+ 25. Kd3 Nxa1 26. Rxa1 Ke6 27. g4 Rc6 28. f3 g6 29. Ke3 Nxd6 30. Nxd6 Rdxd6 31. Bxd6 Rxd6 32. bxa5 Ra6 33. Rd1 Rxa5 34. Rd3 f5 35. gxf5+ gxf5 36. Rc3 Ra6 37. Rb3 Rb6 38. a4 b4 39. a5 Ra6 40.
Rxb4 Rxa5 41. Rb6+ Kd5 42. Rb7 Ra3+ 43. Kf2 Ra2+ 44.
Kg3 f4+ 45. Kh3 Kd4 46. Rxh7 Ke3 47. Kg4 Rg2+ 48. Kf5 Kxf3 49. Kxe5 Rg5+ 50. Kf6 Rc5 51. h4 Kg3 52. h5 f3 53. Kg6 f2 54. Rf7 Rc6+ 55.
Kg7 1-0

[Event "*** SCC Grand Prix: Titled Tuesday Blitz"]
[Site "Chess.com"]
[Date "2020.06.23"]
[Round "8"]
[White "LedakovAlexandr"]
[Black "Ekka83"]
[Result "1-0"]
[WhiteElo "2465"]
[BlackElo "2344"]
[TimeControl "180+1"]
[EndTime "11:36:08 PDT"]
[Termination "LedakovAlexandr won by checkmate"]

1. d4 d5 2. Nf3 Nf6 3. c4 e6 4. g3 dxc4 5. Bg2 a6 6. a4 c6 7. a5 Bb4+ 8. Bd2 c5 9. O-O O-O 10. Bxb4 cxb4 11. Nbd2 c3 12. bxc3 bxc3 13. Nc4 Nc6 14.
e3 Bd7 15. Qb3 Rb8 16. Qxc3 Ne7 17. Nfe5 Bb5 18. Rfc1 Nfd5 19. Qd2 Rc8 20. Na3 Rxc1+ 21. Rxc1 Ba4 22. e4 Nf6 23. Qb4 Bc6 24. f3 Be8 25. Qd2 Nc6 26. Nxc6 Bxc6 27. Nc4 Bb5 28. Ne5 Nd7 29.
Nc4 Nb8 30. Nb6 Nc6 31. d5 exd5 32. exd5 h6 33. h3 Ne7 34. Kh2 Qd6 35. f4 Nf5 36. Qc2 Qg6 37. g4 Nh4 38. Qxg6 Nxg6 39. Kg3 f5 40. d6 fxg4 41. Bd5+ Kh8 42. d7 Nxf4 43. Rc8 Bxd7 44. Rxf8+ Kh7 45. Rxf4 gxh3 46. Nxd7 g5 47. Rf7+ Kg6 48. Ne5+ Kh5 49. Bf3+ g4 50. Rf5# 1-0